 Dungeon Crawl Stone Soup version 0.19-a0-1341-g3513869 (webtiles) character file.

67 Amnesiac the Sneak (level 4, 0/33 HPs)
             Began as a Human Wanderer on Sept 2, 2016.
             Was a Follower of Sif Muna.
             Succumbed to an adder's poison
             ... on level 2 of the Dungeon.
             The game lasted 00:02:51 (1606 turns).

Amnesiac the Sneak (Human Wanderer)                 Turns: 1606, Time: 00:02:52

Health: 0/33       AC:  2    Str: 12    XL:     4   Next: 40%
Magic:  5/5        EV: 16    Int: 12    God:    Sif Muna [*.....]
Gold:   78         SH:  0    Dex: 19    Spells: 2 memorised, 1 level left

rFire  . . .     SeeInvis .     a - +2 spear
rCold  . . .     Gourm    .     d - +0 robe
rNeg   . . .     Faith    .     (no shield)
rPois  .         Spirit   .     (no helmet)
rElec  .         Dismiss  .     (no cloak)
rCorr  .         Reflect  .     h - -1 pair of gloves (curse)
MR     .....     Harm     .     (no boots)
Stlth  ++++......               (no amulet)
                                (no ring)
                                (no ring)

@: agile, lethally poisoned (0 -> -13), repel missiles, divine energy
A: no striking features
a: Stop Divine Energy, Renounce Religion


You were on level 2 of the Dungeon.
You worshipped Sif Muna.
Sif Muna was aware of your devotion.
You were hungry.

You visited 1 branch of the dungeon, and saw 2 of its levels.

You collected 78 gold pieces.

Inventory:

Hand Weapons
 a - a +2 spear (weapon)
 e - a +0 dagger
Armour
 d - a +0 robe (worn)
 h - a cursed -1 pair of gloves (worn)
Jewellery
 p - an uncursed ring of protection from cold {unknown}
Scrolls
 b - a scroll of teleportation
 g - 2 scrolls of identify {unknown}
 i - 2 scrolls of amnesia {unknown}
 k - a scroll of immolation {unknown}
Books
 c - the Reference Book on Flight

   Spells                             Type                      Level
   a - Repel Missiles                 Charms/Air                   2
   b - Swiftness                      Charms/Air                   2
Comestibles
 f - a bread ration
 m - 2 royal jellies


   Skills:
 - Level 2.0 Fighting
 + Level 3.2 Polearms
 - Level 4.0 Stealth
 - Level 1.0 Spellcasting
 - Level 1.1 Charms
 - Level 3.0 Air Magic


You had one spell level left.
You knew the following spells:

 Your Spells              Type           Power        Failure   Level  Hunger
a - Repel Missiles        Chrm/Air       #.....       21%         2    ###....
b - Swiftness             Chrm/Air       #.......     21%         2    ###....


Dungeon Overview and Level Annotations

Branches:
Dungeon (2/15)

Altars:
Sif Muna


Message History

You miss the adder.
The adder is severely wounded.
You feel sick. The adder closely misses you.
You barely miss the adder.
The adder is severely wounded.
You feel sick. The adder bites you.
* * * LOW HITPOINT WARNING * * *
The adder completely misses you.
You miss the adder.
The adder is severely wounded.
You are feeling hungry.
* * * LOW HITPOINT WARNING * * *
You feel sick. The adder bites you.
* * * LOW HITPOINT WARNING * * *
It was a potion of magic.
Magic courses through your body.
* * * LOW HITPOINT WARNING * * *
You feel sick. The adder closely misses you.
It was a potion of agility.
You feel agile all of a sudden.
You die...

#.....##.....# ##.#
#####.##.....# #.####
#.######## #..##. #.# ##.##.
#.##### ############ #.##.
#.....# #..........######'##.
#####.# #..........##......(.
#...<.###..........#.......(.
#.###.#.....@S...............
#.#.#.####.......8.......
#...#.# ......8.8..##..
#####(# .....8._.8.##.. #.#
......8.8..###. ..#
.[.....8....... ###
####........... #########...
#...


You could see an adder.

Vanquished Creatures
  2 adders (D:2)
  4 worms (D:2)
  2 dart slugs (D:2)
  A giant gecko (D:1)
  5 bats
  6 giant cockroaches
  5 goblins
  A hobgoblin (D:2)
  4 giant newts
  A kobold (D:1)
  5 rats
36 creatures vanquished.

Notes
Turn   | Place    | Note
-------+----------+-------------------------------------------
     0 | D:1      | Amnesiac the Human Wanderer began the quest for the Orb.
     0 | D:1      | Amnesiac set off with: a +2 spear, a scroll of teleportation, the Reference Book on Flight, a +0 robe, a +0 dagger, a bread ration
     0 | D:1      | Reached XP level 1. HP: 16/16 MP: 1/1
     0 | D:1      | Identified the Reference Book on Flight
   333 | D:2      | Reached XP level 2. HP: 22/22 MP: 2/2
   424 | D:2      | Found a faded altar of an unknown god.
   435 | D:2      | Became a worshipper of Sif Muna the Loreminder
   435 | D:2      | Reached * piety under Sif Muna
   624 | D:1      | Reached XP level 3. HP: 26/27 MP: 4/4
   638 | D:1      | Reached skill level 1 in Spellcasting
   655 | D:1      | Learned a level 2 spell: Swiftness
   658 | D:1      | Learned a level 2 spell: Repel Missiles
   938 | D:2      | Reached skill level 1 in Charms
   964 | D:2      | Reached XP level 4. HP: 16/33 MP: 5/5
  1604 | D:2      | HP: 1/33 [adder (5)]
  1606 | D:2      | Succumbed to an adder's poison

Vault maps used:
D:1:      minmay_arrival_cross, minmay_tetromino_i4
D:2:      ecumenical_altar_2

Skill      XL: |  1  2  3  4 |
---------------+-------------+-----
Polearms       | 2 3 |  3.2
Spellcasting   | 1 |  1.0
Charms         | 1 |  1.1
Fighting       | |  2.0
Stealth        | |  4.0
Air Magic      | |  3.0

Action                   |  1- 3 |  4- 6 || total
-------------------------+-------+-------++-------
Melee: Spear             |    89 |    53 ||   142
 Cast: Repel Missiles    |     1 |       ||     1
Invok: Divine Energy     |       |     1 ||     1
  Use: Potion            |       |     3 ||     3
 Stab: Sleeping          |    12 |     2 ||    14
  Eat: Chunk             |       |     2 ||     2
Armor: Robe              |     7 |     6 ||    13
Dodge: Dodged            |    25 |    27 ||    52
